 Dungeon Sprint DCSS version 0.21-a0-331-gfb491b4 (webtiles) character file.

56 potatolord6000 the Insei (level 3, -2/29 HPs)
             Began as a Gnoll Transmuter on Oct 2, 2017.
             Was a Believer of Sif Muna.
             Slain by an orc wizard
             ... wielding a +0 dagger
              (5 damage)
             ... in the Dungeon (Sprint VII: "The Pits").
             The game lasted 00:01:05 (342 turns).

potatolord6000 the Insei (Gnoll Transmuter)          Turns: 342, Time: 00:01:06

Health: -2/29      AC:  2    Str: 12    XL:     3   Next: 97%
Magic:  10/10      EV: 15    Int: 16    God:    Sif Muna [**....]
Gold:   0          SH:  0    Dex: 15    Spells: 12/13 levels left

rFire    . . .     SeeInvis .   f - +1 quarterstaff (protect)
rCold    . . .     Gourm    .   (shield currently unavailable)
rNeg     . . .     Faith    .   b - +0 robe
rPois    .         Spirit   .   (no helmet)
rElec    .         Reflect  .   (no cloak)
rCorr    .         Harm     .   (no gloves)
MR       .....     NoTele   +   (no boots)
Stlth    ++........             (no amulet)
HPRegen  0.09/turn              (no ring)
MPRegen  0.12/turn              (no ring)

@: appendage (expiring)
A: distributed training, fangs 1, horns 2, strong nose
a: End Transformation, Divine Energy, Renounce Religion


You were in the Dungeon.
You worshipped Sif Muna.
Sif Muna was pleased with you.
You were not hungry.
You had grown temporary horns.
You visited 1 branch

Inventory:

Hand Weapons
 f - a +1 quarterstaff of protection (weapon)
Armour
 b - a +0 robe (worn)
Scrolls
 j - a scroll of blinking
 l - 3 scrolls of remove curse
 m - 5 scrolls of amnesia
 n - a scroll of summoning
Potions
 a - 5 potions of heal wounds
 e - 6 potions of curing
 g - a potion of haste
 h - 4 potions of magic
 i - 2 potions of berserk rage
 k - 2 potions of invisibility
Books
 c - a book of Changes

   Spells                             Type                      Level
   a - Beastly Appendage              Transmutation                1
   b - Sticks to Snakes               Transmutation                2
   c - Spider Form                    Transmutation/Poison         3
   d - Ice Form                       Ice/Transmutation            4
   e - Blade Hands                    Transmutation                5
Comestibles
 d - 8 bread rations
 o - 40 fruits
 p - 7 meat rations


   Skills:
 + Level 3.4 Fighting
 + Level 2.2 Short Blades
 + Level 2.2 Long Blades
 + Level 2.2 Axes
 + Level 2.2 Maces & Flails
 + Level 2.2 Polearms
 + Level 2.2 Staves
 + Level 2.2 Slings
 + Level 2.2 Bows
 + Level 2.2 Crossbows
 + Level 2.2 Throwing
 + Level 2.2 Armour
 + Level 5.1 Dodging
 + Level 2.2 Stealth
   Level 0.0 Stabbing
 + Level 2.2 Shields
   Level 0.0 Traps
 + Level 6.9 Unarmed Combat
 + Level 5.5 Spellcasting
 + Level 2.2 Conjurations
 + Level 2.2 Hexes
 + Level 2.2 Charms
 + Level 2.2 Summonings
 + Level 2.2 Necromancy
 + Level 2.2 Translocations
 + Level 5.1 Transmutations
 + Level 2.2 Fire Magic
 + Level 2.2 Ice Magic
 + Level 2.2 Air Magic
 + Level 2.2 Earth Magic
 + Level 2.2 Poison Magic
 + Level 2.2 Invocations
 + Level 2.2 Evocations


You had 12 spell levels left.
You knew the following spells:

 Your Spells              Type           Power        Failure   Level  Hunger
a - Beastly Appendage     Tmut           ###...       1%          1    None


Dungeon Overview and Level Annotations

Branches:
Dungeon (1/1)

Altars:
Ashenzari
Cheibriados
Dithmenos
Elyvilon
Fedhas
Gozag
Hepliaklqana
Kikubaaqudgha
Makhleb
Nemelex Xobeh
Okawaru
Qazlal
Ru
Sif Muna
Trog
Uskayaw
Vehumet
Wu Jian
Xom
Yredelemnul
Zin
The Shining One
Beogh
Jiyva
Lugonu


Innate Abilities, Weirdness & Mutations

Your experience applies equally to all skills.
You have very sharp teeth.
Your uncanny sense of smell can sniff out nearby items.
You have a pair of horns on your head.


Message History

The orc wizard casts a spell at you. The magic dart hits you!
The orc wizard barely misses you.
The deep elf mage mumbles some strange words.
The deep elf mage blinks!
A magic dart appears from out of thin air!
The magic dart hits you!
* * * LOW HITPOINT WARNING * * *
The floating eye gazes piercingly through you!
You suddenly lose the ability to move!
The orc wizard hits you with a dagger.
* * * LOW HITPOINT WARNING * * *
The orc wizard mumbles some strange words.
The orc wizard blinks!
The floating eye's stare focuses on you.
You can move again.
You closely miss the orc wizard. Your headbutt misses the orc wizard.
Your bite misses the orc wizard.
The orc wizard is lightly wounded.
The orc wizard hits you with a dagger.
You die...

_______...#######
##########'##.....
#.?(.')))'.##.....
##########.##.....
#..........÷'.....
#'#####'#####.....
#.#..#..#†.##.....
#o#.†)†.'.†#####'#
#@##)####'###.....
#.#........##.....
#G#........##.....
#.#####'#####...<.
#o#...)))[(##.....
#h#...)))[.##.....
#'###########.....
#e. ###### #...


You could see a deep elf mage, a hound, a floating eye, an orc wizard and an
orc.

Vanquished Creatures
  A jelly (D)
  An adder (D)
  3 orcs (D)
  5 jackals (D)
  A quokka (D)
  A ball python (D)
  A kobold (D)
  2 rats (D)
15 creatures vanquished.

Notes
Turn   | Place    | Note
-------+----------+-------------------------------------------
     0 | D        | potatolord6000 the Gnoll Transmuter began the quest for the Orb.
     0 | D        | Reached XP level 1. HP: 17/17 MP: 6/6
    53 | D        | Found a bloodstained altar of Trog.
    53 | D        | Found a deep blue altar of Sif Muna.
    53 | D        | Found a viscous altar of Jiyva.
    53 | D        | Found a hazy altar of Hepliaklqana.
    53 | D        | Found an opulent altar of Gozag.
    54 | D        | Found a glowing golden altar of the Shining One.
    54 | D        | Found a glowing silver altar of Zin.
    54 | D        | Found a basalt altar of Yredelemnul.
    54 | D        | Found a shimmering altar of Xom.
    54 | D        | Found an ornate altar of the Wu Jian Council.
    54 | D        | Found a sacrificial altar of Ru.
    54 | D        | Found a stormy altar of Qazlal.
    54 | D        | Found an iron altar of Okawaru.
    54 | D        | Found a sparkling altar of Nemelex Xobeh.
    54 | D        | Found a burning altar of Makhleb.
    54 | D        | Found a blossoming altar of Fedhas.
    54 | D        | Found a white marble altar of Elyvilon.
    54 | D        | Found a shadowy altar of Dithmenos.
    54 | D        | Found a snail-covered altar of Cheibriados.
    56 | D        | Found a radiant altar of Vehumet.
    56 | D        | Found a corrupted altar of Lugonu.
    56 | D        | Found a roughly hewn altar of Beogh.
    58 | D        | Found an ancient bone altar of Kikubaaqudgha.
    58 | D        | Found a hide-covered altar of Uskayaw.
    58 | D        | Found a shattered altar of Ashenzari.
    59 | D        | Became a worshipper of Sif Muna the Loreminder
    79 | D        | Reached skill level 5 in Spellcasting
    89 | D        | Reached skill level 1 in Short Blades
    89 | D        | Reached skill level 1 in Long Blades
    89 | D        | Reached skill level 1 in Axes
    89 | D        | Reached skill level 1 in Maces & Flails
    89 | D        | Reached skill level 1 in Polearms
    89 | D        | Reached skill level 1 in Staves
    89 | D        | Reached skill level 1 in Slings
    89 | D        | Reached skill level 1 in Bows
    89 | D        | Reached skill level 1 in Crossbows
    89 | D        | Reached skill level 1 in Throwing
    89 | D        | Reached skill level 1 in Armour
    89 | D        | Reached skill level 1 in Stealth
    89 | D        | Reached skill level 1 in Shields
    89 | D        | Reached skill level 1 in Conjurations
    89 | D        | Reached skill level 1 in Hexes
    89 | D        | Reached skill level 1 in Charms
    89 | D        | Reached skill level 1 in Summonings
    89 | D        | Reached skill level 1 in Necromancy
    89 | D        | Reached skill level 1 in Translocations
    89 | D        | Reached skill level 1 in Fire Magic
    89 | D        | Reached skill level 1 in Ice Magic
    89 | D        | Reached skill level 1 in Air Magic
    89 | D        | Reached skill level 1 in Earth Magic
    89 | D        | Reached skill level 1 in Poison Magic
    89 | D        | Reached skill level 1 in Invocations
    89 | D        | Reached skill level 1 in Evocations
    95 | D        | Reached XP level 2. HP: 16/23 MP: 8/8
   199 | D        | Reached * piety under Sif Muna
   201 | D        | Reached skill level 5 in Dodging
   201 | D        | Reached skill level 5 in Transmutations
   201 | D        | Reached XP level 3. HP: 29/29 MP: 7/9
   327 | D        | Noticed a floating eye
   332 | D        | Noticed a deep elf mage
   335 | D        | Reached ** piety under Sif Muna
   340 | D        | Paralysed by a floating eye for 2 turns
   342 | D        | Slain by an orc wizard

Vault maps used:
D:        pitsprint

Skill      XL: |  1  2 |
---------------+-------+-----
Spellcasting   | 5 |  5.5
Short Blades   | 1 2 |  2.2
Long Blades    | 1 2 |  2.2
Axes           | 1 2 |  2.2
Maces & Flails | 1 2 |  2.2
Polearms       | 1 2 |  2.2
Staves         | 1 2 |  2.2
Slings         | 1 2 |  2.2
Bows           | 1 2 |  2.2
Crossbows      | 1 2 |  2.2
Throwing       | 1 2 |  2.2
Armour         | 1 2 |  2.2
Stealth        | 1 2 |  2.2
Shields        | 1 2 |  2.2
Conjurations   | 1 2 |  2.2
Hexes          | 1 2 |  2.2
Charms         | 1 2 |  2.2
Summonings     | 1 2 |  2.2
Necromancy     | 1 2 |  2.2
Translocations | 1 2 |  2.2
Fire Magic     | 1 2 |  2.2
Ice Magic      | 1 2 |  2.2
Air Magic      | 1 2 |  2.2
Earth Magic    | 1 2 |  2.2
Poison Magic   | 1 2 |  2.2
Invocations    | 1 2 |  2.2
Evocations     | 1 2 |  2.2
Fighting       | 3 |  3.4
Dodging        | 5 |  5.1
Transmutations | 5 |  5.1
Unarmed Combat | |  6.9

Action                   || total
-------------------------++-------
Melee: Quarterstaff      ||    35
       Unarmed           ||     6
       Bite              ||     3
       Kick              ||     4
 Cast: Beastly Appendage ||     4
  Use: Potion            ||     2
 Stab: Sleeping          ||     2
Armor: Robe              ||    10
Dodge: Dodged            ||    56

Table legend:
 A = Spawn XP
 B = Non-spawn XP
 C = Spawn XP percentage of total XP
 D = Spawn monster count
 E = Non-spawn monster count
 F = Spawn count percentage of total count
 G = Total turns spent on level
                    A         B        C        D         E        F      G
               +---------+---------+-------+---------+---------+-------+---------
         Total |       0 |      81 |   0.0 |       0 |      15 |   0.0 |   342
               +---------+---------+-------+---------+---------+-------+---------
             D |       0 |      81 |   0.0 |       0 |      15 |   0.0 |   342
               +---------+---------+-------+---------+---------+-------+---------
